 Dungeon Crawl Stone Soup version 0.22.0-49-gab54619 (webtiles) character file.

255 vatarom the Chiller (level 5, -7/35 HPs)
             Began as a Demonspawn Ice Elementalist on Sept 6, 2018.
             Mangled by a centaur (9 damage)
             ... on level 4 of the Dungeon on Sept 7, 2018.
             The game lasted 00:13:50 (4854 turns).

vatarom the Chiller (Demonspawn Ice Elementalist)   Turns: 4854, Time: 00:13:51

Health: -7/35      AC:  3    Str: 13    XL:     5   Next: 91%
Magic:  7/9        EV: 12    Int: 17    God:
Gold:   191        SH:  0    Dex: 14    Spells: 0/10 levels left

rFire    . . .     SeeInvis +   k - +2 hunting sling (flame)
rCold    . . .     Gourm    .   (no shield)
rNeg     . . .     Faith    .   a - +0 robe
rPois    .         Spirit   .   (no helmet)
rElec    .         Reflect  .   (no cloak)
rCorr    .         Harm     .   d - +0 pair of gloves
MR       +....                  (no boots)
Stlth    ++........             (no amulet)
HPRegen  0.11/turn              i - ring of see invisible
MPRegen  0.11/turn              m - ring of protection from magic

@: mighty
A: talons 2, foul stench 1, rot immunity
a: no special abilities


You were on level 4 of the Dungeon.
You were not hungry.

You visited 1 branch of the dungeon, and saw 4 of its levels.

You collected 191 gold pieces.

Inventory:

Hand Weapons
 e - a +0 short sword of flaming
 f - a +0 hand axe of venom
 k - a +2 hunting sling of flaming (weapon)
Missiles
 p - 35 stones (quivered)
Armour
 a - a +0 robe (worn)
 b - a +0 hat
 d - a +0 pair of gloves (worn)
Jewellery
 i - a ring of see invisible (left hand)
 m - a ring of protection from magic (right hand)
 r - an uncursed ring of resist corrosion
Scrolls
 h - 2 scrolls of magic mapping
 j - a scroll of remove curse {unknown}
 l - 2 scrolls of identify {@r1}
 n - a scroll of random uselessness {unknown}
 o - a scroll of teleportation {unknown}
 t - a scroll of enchant weapon {unknown}
 u - a scroll of immolation {unknown}
Potions
 g - a potion of flight
Comestibles
 c - 4 rations {@e1}
 s - 3 chunks of flesh


   Skills:
 - Level 1.7 Dodging
 - Level 2.1 Stealth
 + Level 3.3 Spellcasting
 + Level 3.3 Conjurations
 * Level 4.3 Ice Magic


You couldn't memorise any spells.
You knew the following spells:

 Your Spells              Type           Power        Failure   Level  Hunger
a - Freeze                Ice            ###.         3%          1    None
b - Throw Frost           Conj/Ice       ###...       5%          2    ##.....
o - Ozocubu's Armour      Chrm/Ice       ##......     22%         3    ###....
q - Throw Icicle          Conj/Ice       ###.....     34%         4    ####...

Your spell library contained the following spells:

 Spells                   Type           Power        Failure   Level  Hunger
 Summon Ice Beast         Ice/Summ       ##......     56%         4    ####...


Dungeon Overview and Level Annotations

Branches:
Dungeon (4/15)
 Temple: D:4-7

Altars:


Innate Abilities, Weirdness & Mutations

You have razor-sharp toenails.
You may emit foul miasma when damaged in melee.
You are immune to rotting.


Message History

A gnoll comes into view. It is wielding a whip.
Okay, then.
Casting: Freeze (safe; 3% risk of failure)
Confirm with . or Enter, or press ? or * to list all spells.
Aiming: Freeze (safe; 3% risk of failure)
Press: ? - help, Shift-Dir - straight line, f/p - centaur
Aim: a centaur (sick)
You freeze the centaur.
The centaur is lightly wounded.
The gnoll shouts!
The centaur closely misses you.
Casting: Freeze (safe; 3% risk of failure)
Confirm with . or Enter, or press ? or * to list all spells.
Aiming: Freeze (safe; 3% risk of failure)
Press: ? - help, Shift-Dir - straight line, f/p - centaur
Aim: a centaur (lightly wounded, sick)
You freeze the centaur.
The centaur is heavily wounded.
The centaur hits you!
You die...

#.# #.###
.....#
#...## .(...
#....# ....
#....# ...
#..).# .g
#....# g#
##....####c#
#.......(@.#
#>..)....###
#........#
#........#
#........#
#........#
##########


You could see a centaur, a gnoll shaman and a gnoll.

Vanquished Creatures
  An orc priest (D:3)
  2 orc wizards (D:3)
  2 gnolls (D:4)
  3 adders
  4 worms
  4 dart slugs
  4 leopard geckos
  11 orcs (D:3)
  6 giant cockroaches
  12 goblins
  7 hobgoblins
  2 jackals (D:3)
  8 kobolds
  A quokka (D:2)
  9 bats
  3 frilled lizards
  2 jackal skeletons (D:4)
  5 rats
86 creatures vanquished.

Notes
Turn   | Place    | Note
-------+----------+-------------------------------------------
     0 | D:1      | vatarom the Demonspawn Ice Elementalist began the quest for
                  | the Orb.
     0 | D:1      | Reached XP level 1. HP: 13/13 MP: 3/3
   267 | D:1      | Gained mutation: You are immune to rotting. [demonic
                  | ancestry]
   267 | D:1      | Reached XP level 2. HP: 19/19 MP: 1/5
   342 | D:1      | Learned a level 2 spell: Throw Frost
   358 | D:1      | Reached skill level 3 in Ice Magic
   997 | D:2      | Gained mutation: You have sharp toenails. [demonic
                  | ancestry]
   997 | D:2      | Reached XP level 3. HP: 24/24 MP: 4/6
  1002 | D:2      | Learned a level 3 spell: Ozocubu's Armour
  1940 | D:2      | Gained mutation: You may emit foul miasma when damaged in
                  | melee. [demonic ancestry]
  1940 | D:2      | Reached XP level 4. HP: 16/30 MP: 0/8
  3448 | D:3      | Gained mutation: You have razor-sharp toenails. [demonic
                  | ancestry]
  3448 | D:3      | Reached XP level 5. HP: 35/35 MP: 5/9
  3679 | D:3      | Reached skill level 4 in Ice Magic
  3693 | D:3      | Learned a level 4 spell: Throw Icicle
  4844 | D:4      | Noticed a centaur
  4854 | D:4      | Mangled by a centaur

Skill      XL: |  1  2  3  4  5 |
---------------+----------------+-----
Stealth        | 2 |  2.1
Ice Magic      | 3 4 |  4.3
Conjurations   | 2 3 |  3.3
Spellcasting   | 3 |  3.3
Dodging        | |  1.7

Action                   |  1- 3 |  4- 6 || total
-------------------------+-------+-------++-------
Melee: Unarmed           |     2 |       ||     2
       Short sword       |    42 |    41 ||    83
       Kick              |     2 |     6 ||     8
 Fire: Hunting sling     |       |    21 ||    21
 Cast: Freeze            |    49 |    65 ||   114
       Throw Frost       |     2 |    11 ||    13
       Ozocubu's Armour  |     3 |     1 ||     4
  Use: Potion            |     2 |     3 ||     5
       Scroll            |       |     1 ||     1
 Stab: Sleeping          |     3 |     2 ||     5
  Eat: Chunk             |     1 |     6 ||     7
       Ration            |     1 |     1 ||     2
Armor: Robe              |    25 |    14 ||    39
Dodge: Dodged            |    45 |    68 ||   113
